 Dungeon Crawl Stone Soup version 0.28-a0-834-g1a73be5ee4 (webtiles) character file.

Game seed: 12408114029914969995

105961 jasper the Protected (level 16, 0/121 HPs)
             Began as a Gargoyle Fighter on Nov 12, 2021.
             Was a High Priest of Ashenzari.
             Slain by a sphinx (9 damage)
             ... while paralysed by a sphinx
             ... on level 15 of the Dungeon.
             The game lasted 00:46:05 (23696 turns).

jasper the Protected (Gargoyle Fighter)            Turns: 23696, Time: 00:46:06

Health: 0/121      AC: 36    Str: 22    XL:     16   Next: 42%
Magic:  17/17      EV:  2    Int: 14    God:    Ashenzari [*****.]
Gold:   1081       SH:  0    Dex:  9    Spells: 17/17 levels left

rFire   + + .      SeeInvis +   d - +0 morningstar of Ashenzari's Paranoia {Melee, Comp} (curse)
rCold   + + .      Faith    .   E - +0 kite shield "Share My Vision" {Alch, Self} (curse)
rNeg    + . .      Spirit   .   x - +1 chain mail "Overhang to Understand" {rF+, Melee, Range} (curse)
rPois   ∞          Reflect  .   R - +2 helmet of Ucaoc {rC++ Will+ Str-4 Int+4}
rElec   +          Harm     .   l - +0 cloak of the Ensconced Anarchy {Self, Evo} (curse)
rCorr   .          Rampage  .   Y - +0 pair of gloves of the Prescient Augurer {Range, Melee} (curse)
Will    +....      Clarity  +   C - +0 pair of boots of Ashenzari's Black Moon {Self, Comp} (curse)
Stlth   ..........              v - amulet "I Knew You'd Do That" {Regen+, Fort, Evo} (curse)
HPRegen 1.30/turn               o - ring "Prescient Lifelessness" {EV+4, Elem, Self} (curse)
MPRegen 0.15/turn               O - ring of the Stellar Chagrin {rF+, Elem, Cun} (curse)

@: paralysed, weak-willed, flying
A: sickness immunity, AC +12, big wings, negative energy resistance 1,
electricity resistance, torment resistance 1, petrification resistance
a: Renounce Religion, Curse Item, Shatter the Chains


You were on level 15 of the Dungeon.
You worshipped Ashenzari.
Ashenzari was extremely pleased with you.
You visited 3 branches of the dungeon, and saw 23 of its levels.
You also visited: Volcano.

You collected 2607 gold pieces.
You spent 1526 gold pieces at shops.

Inventory:

Hand Weapons
 a - a +0 flail
 d - the cursed +0 morningstar of Ashenzari's Paranoia (weapon) {Melee, Comp}
   (You took it off an orc on level 3 of the Dungeon)

   It has a curse which improves the following skills: Melee Combat: Short
   Blades, Long Blades, Axes, Maces & Flails, Polearms, Staves and Unarmed
   Combat.
   Companions: Summonings and Necromancy.
Missiles
 g - 58 poisoned darts (quivered)
 p - 16 throwing nets
 I - 12 curare-tipped darts
 K - 3 boomerangs
Armour
 l - the cursed +0 cloak of the Ensconced Anarchy (worn) {Self, Evo}
   (You found it on level 2 of the Dungeon)

   It has a curse which improves the following skills: Introspection: Fighting
   and Spellcasting.
   Evocations: Evocations.
 x - the cursed +1 chain mail "Overhang to Understand" (worn) {rF+, Melee, Range}
   (You found it in a volcano)

   It has a curse which improves the following skills: Melee Combat: Short
   Blades, Long Blades, Axes, Maces & Flails, Polearms, Staves and Unarmed
   Combat.
   Ranged Combat: Slings, Bows, Crossbows and Throwing.
 C - the cursed +0 pair of boots of Ashenzari's Black Moon (worn) {Self, Comp}
   (You found it on level 5 of the Dungeon)

   It has a curse which improves the following skills: Introspection: Fighting
   and Spellcasting.
   Companions: Summonings and Necromancy.
 E - the cursed +0 kite shield "Share My Vision" (worn) {Alch, Self}
   (You found it on level 5 of the Dungeon)

   It has a curse which improves the following skills: Alchemy: Poison Magic and
   Transmutations.
   Introspection: Fighting and Spellcasting.
 R - the +2 helmet of Ucaoc (worn) {rC++ Will+ Str-4 Int+4}
   (You bought it in a shop on level 6 of the Dungeon)

   Str:       It affects your strength (-4).
   Int:       It affects your intelligence (+4).
   rC:        It greatly protects you from cold.
   Will:      It increases your willpower.
 Y - the cursed +0 pair of gloves of the Prescient Augurer (worn) {Range, Melee}
   (You found it on level 14 of the Dungeon)

   It has a curse which improves the following skills: Ranged Combat: Slings,
   Bows, Crossbows and Throwing.
   Melee Combat: Short Blades, Long Blades, Axes, Maces & Flails, Polearms,
   Staves and Unarmed Combat.
Jewellery
 o - the cursed ring "Prescient Lifelessness" (left hand) {EV+4, Elem, Self}
   (You found it on level 3 of the Dungeon)

   [ring of evasion]

   EV:        It affects your evasion (+4).
   It has a curse which improves the following skills: Elements: Fire Magic, Ice
   Magic, Air Magic and Earth Magic.
   Introspection: Fighting and Spellcasting.
 v - the cursed amulet "I Knew You'd Do That" (around neck) {Regen+, Fort, Evo}
   (You acquired it on level 4 of the Dungeon)

   [amulet of regeneration]

   Regen:     It increases your rate of health regeneration.
   It has a curse which improves the following skills: Fortitude: Armour and
   Shields.
   Evocations: Evocations.
 D - an amulet of the acrobat
 F - a +6 ring of dexterity
 H - a ring of protection from cold
 J - a ring of positive energy
 M - a ring of willpower
 O - the cursed ring of the Stellar Chagrin (right hand) {rF+, Elem, Cun}
   (You found it on level 7 of the Dungeon)

   [ring of protection from fire]

   rF:        It protects you from fire.
   It has a curse which improves the following skills: Elements: Fire Magic, Ice
   Magic, Air Magic and Earth Magic.
   Cunning:   Dodging and Stealth.
 Z - an amulet of reflection
Wands
 c - a wand of flame (61)
 s - a wand of iceblast (5)
 z - a wand of polymorph (36)
 Q - a wand of digging (9)
Scrolls
 h - 8 scrolls of blinking
 i - 5 scrolls of amnesia
 k - a scroll of silence
 n - 4 scrolls of enchant weapon
 q - 2 scrolls of holy word
 r - 7 scrolls of fear
 t - 3 scrolls of enchant armour
 A - 2 scrolls of magic mapping
 G - 14 scrolls of teleportation
 L - a scroll of immolation
 N - 4 scrolls of fog
Potions
 b - 3 potions of mutation
 e - 6 potions of attraction
 f - 8 potions of flight
 j - 3 potions of heal wounds
 m - 5 potions of degeneration
 u - 2 potions of brilliance
 w - 6 potions of haste
 B - 2 potions of ambrosia
 P - a potion of lignification
 T - 7 potions of curing
 U - a potion of magic
 V - 3 potions of might
 X - 2 potions of resistance
Miscellaneous
 y - a phial of floods
 S - a tin of tremorstones (inert)
 W - a lightning rod (1/4)


   Skills:
 + Level 14.7(21.4) Fighting
 - Level 13.9(19.3) Maces & Flails
 + Level 14.8(17.4) Armour
 + Level 4.8(7.4) Dodging
 - Level 14.4(17.0) Shields
 + Level 10.6(14.7) Evocations


You had 17 spell levels left.
You didn't know any spells.
Your spell library contained the following spells:

 Spells                   Type           Power      Damage    Failure   Level
 Animate Dead             Necr           1%         N/A       100%        4
 Alistair's Intoxication  Tmut/Pois      0%         N/A       100%        5
 Borgnjor's Vile Clutch   Necr/Erth      1%         N/A       100%        5
 Death Channel            Necr           1%         N/A       100%        6
 Eringya's Noxious Bog    Tmut/Pois      0%         N/A       100%        6


Dungeon Overview and Level Annotations

Branches:
Dungeon (15/15)            Temple (0/1) D:4            Lair (6/6) D:8
  Swamp (0/4) Lair:3       Spider (0/4) Lair:3        Slime (0/5) Lair:5
    Orc (2/2) D:11            Elf (0/3) Orc:2        Vaults (0/5) D:14
 Depths (0/4) D:15        Volcano (visited)

Altars:
Ashenzari
Cheibriados
Ru
Trog
Vehumet
Xom
Yredelemnul
Zin
Jiyva
Lugonu

Shops:
D:1 [   D:6 *   D:9 !   D:11 *   Orc:1 *[?*(   Orc:2 *!=(

Portals:
Abyss: Lair:6


Innate Abilities, Weirdness & Mutations

You are immune to sickness and miasma.
Your stone body is resilient. (AC +12)
You are immune to poison.
Your large and strong wings let you fly.
You resist negative energy. (rN+)
You are resistant to electric shocks. (rElec)
You are resistant to unholy torment.
You are immune to petrification.


Message History

The deep elf zephyrmancer points at you and mumbles some strange words.
The bolt of lightning hits you but does no damage.
Found a throwing net.
The deep elf zephyrmancer gestures wildly while chanting.
The deep elf zephyrmancer blinks!
A cyclops comes into view.
Found a +0 cloak, 30 gold pieces, a +0 hand axe and a book of Flames.
The cyclops shouts!
You block the fire crab's attack. The fire crab completely misses you.
The yaktaur shoots a bolt.
The bolt hits you but does no damage.
The deep elf zephyrmancer mumbles some strange words.
The deep elf zephyrmancer blinks!
The sphinx casts a spell.
You feel momentarily confused.
You take 15 damage, and have 89/121 hp.
You hit the fire crab but do no damage. You block the fire crab's attack.
The fire crab claws you.
You are engulfed in flames.
You resist.
The yaktaur shoots a bolt.
The bolt hits you but does no damage.
The deep elf zephyrmancer drinks a potion.
The deep elf zephyrmancer is healed!
The sphinx casts a spell.
You suddenly lose the ability to move!
An anaconda comes into view.
The fire crab bites you but does no damage.
The fire crab barely misses you.
The yaktaur shoots a bolt.
The bolt hits you!!
The cyclops throws a large rock.
The large rock hits you!!
* * * LOW HITPOINT WARNING * * *
The fire crab bites you but does no damage.
The fire crab claws you but does no damage.
The sphinx hits you but does no damage. x3
The fire crab bites you but does no damage.
The fire crab claws you.
* * * LOW HITPOINT WARNING * * *
You are engulfed in flames.
You resist.
* * * LOW HITPOINT WARNING * * *
The deep elf zephyrmancer points at you and mumbles some strange words.
The bolt of lightning hits you! You resist.
* * * LOW HITPOINT WARNING * * *
The sphinx hits you!
You die...

,,#......#)....§§#* ,, ,
*###.#.###....§§#*** **
####+#+#.....##≈#####
*#≈....†..<..+## ≈§≈§≈≈≈*
{*#≈.##...†..+#.##)§..,
≈* #≈(..#....+#.#+..., ,
,*#≈...#...+#.#+..## *,,
#≈.(.§.[##.#+.H.##, , * {
#≈≈§≈≈≈≈###'..@..## ,≈ *
*########≈##....t:.#*, ≈
*
###########≈$.##.=..eC.[
*
.........##≈..###...#..$
* ..#...<..##≈$...##.##
.)≈ #...#..<.##≈(.#.#*.c#
,: ..#)..<..##≈§§......§.
≈
...†.....##§§$§§$($(§§,,≈
#...#)...##§§§≈≈≈≈§§§ **


You could see a sphinx, a fire crab, a cyclops, a yaktaur and a deep elf
zephyrmancer.

Vanquished Creatures
  Kirke (D:14)
  Azrael (D:14)
  Josephine (Orc:2)
  A rakshasa (D:15)
  5 vault guards (D:14)
  3 boulder beetles
  3 catoblepae
  An ogre mage (D:14)
  13 hydras
  4 centaur warriors
  A death knight (D:14)
  6 two-headed ogres
  7 death yaks (Lair:6)
  A hell hog (Volcano)
  2 tengu warriors
  3 thrashing horrors (Lair:6)
  A deep elf knight (D:14)
  A fire crab (Volcano)
  A flayed ghost (D:15)
  5 skeletal warriors (D:11)
  A phantasmal warrior (D:15)
  A deep elf archer (D:15)
  Pikel (D:4)
  A lindwurm (Lair:6)
  3 orc knights
  A wizard (D:15)
  3 deep elf pyromancers
  A necromancer (Lair:5)
  A lindwurm (shapeshifter) (D:15)
  18 ugly things
  3 cyclopes
  6 manticores
  An elephant (shapeshifter) (D:15)
  5 elephants (Lair:6)
  5 black mambas
  2 smoke demons (Lair:6)
  2 molten gargoyles (Volcano)
  5 torpor snails
  16 cane toads
  A gargoyle (D:14)
  Maggie (D:10)
  2 kobold demonologists (D:11)
  9 komodo dragons
  A tengu conjurer (D:14)
  An ancient zyme (Lair:6)
  4 trolls
  3 meliai (D:13)
  A polar bear (Lair:6)
  Grinder (D:4)
  A jumping spider (Lair:3)
  A hornet (shapeshifter) (D:13)
  29 blink frogs
  A raiju (shapeshifter) (D:15)
  7 dream sheep
  2 centaur simulacra
  12 redbacks
  4 fire elementals
  2 shadows
  7 wraiths
  A ynoxinul (Lair:6)
  45 yaks
  A vampire (D:11)
  3 wyverns
  2 fire bats (Volcano)
  5 hogs (D:13)
  A hog (shapeshifter) (D:15)
  11 basilisks
  4 steam dragons
  3 chaos spawn (Lair:6)
  2 large abominations (Lair:6)
  2 vampire mosquitoes (D:14)
  2 wargs
  An acid dragon (D:9)
  5 hell hounds
  13 water moccasins
  34 orc warriors
  2 ice beasts
  A black bear (Lair:2)
  7 small abominations (Lair:6)
  A boggart (D:15)
  A necrophage (D:6)
  13 wolves
  8 ogres
  13 centaurs
  2 lemures (D:4)
  3 phantoms
  6 kobold brigands
  3 gnoll sergeants (D:7)
  3 scorpions
  2 wyvern zombies
  9 bullfrogs
  A water moccasin zombie (D:5)
  2 troll zombies (D:11)
  A water moccasin skeleton (D:6)
  5 howler monkeys
  2 electric eels (D:7)
  3 centaur zombies
  5 lava snakes (Volcano)
  3 bullfrog skeletons
  3 gnoll shamans (D:7)
  16 orc priests
  10 hounds
  3 jellies
  2 centaur skeletons
  An iguana (D:6)
  22 orc wizards
  3 yak simulacra (Lair:5)
  3 polar bear simulacra (Lair:5)
  2 wolf simulacra (Lair:5)
  4 ogre zombies (D:11)
  30 gnolls
  2 howler monkey skeletons
  12 adders
  3 white imps
  A worm (D:3)
  6 dart slugs
  61 orcs
  2 bats (D:3)
  10 endoplasms
  4 giant cockroaches
  11 goblins
  7 hobgoblins
  8 jackals
  3 quokkas
  9 ball pythons
  7 frilled lizards
  2 goblin skeletons (D:11)
  3 goblin zombies (D:11)
  A hobgoblin zombie (D:11)
  18 kobolds
  2 orc skeletons (D:11)
  11 orc zombies (D:11)
  4 rats
  3 river rat simulacra (Lair:5)
747 creatures vanquished.

Vanquished Creatures (others)
  An orc wizard (Orc:2)
  A bush (Lair:6)
  31 fungi
  54 plants
87 creatures vanquished.

Grand Total: 834 creatures vanquished

Notes
Turn   | Place    | Note
-------+----------+-------------------------------------------
     0 | D:1      | jasper the Gargoyle Fighter began the quest for the Orb.
     0 | D:1      | Reached XP level 1. HP: 14/14 MP: 1/1
    72 | D:1      | Reached XP level 2. HP: 19/19 MP: 2/2
   203 | D:1      | Found Diedwus's Antique Armour Shoppe.
   767 | D:1      | Reached XP level 3. HP: 23/23 MP: 3/3
  1220 | D:1      | Found a faded altar of an unknown god.
  1227 | D:1      | Prayed at the altar of an unknown god.
  1227 | D:1      | Became a worshipper of Ashenzari the Shackled
  1824 | D:1      | Bought a helmet for 112 gold pieces
  1918 | D:2      | Reached XP level 4. HP: 28/28 MP: 4/4
  2480 | D:3      | Reached XP level 5. HP: 16/32 MP: 5/5
  2666 | D:3      | Reached * piety under Ashenzari
  3239 | D:3      | Reached XP level 6. HP: 35/40 MP: 6/6
  3703 | D:4      | Noticed a steam dragon
  3760 | D:4      | Killed a steam dragon
  3761 | D:4      | Reached skill level 5 in Maces & Flails
  3843 | D:4      | Identified a scroll of acquirement
  3860 | D:4      | Acquired an amulet of regeneration
  3939 | D:4      | Reached skill level 5 in Shields
  3939 | D:4      | Reached XP level 7. HP: 43/44 MP: 7/7
  4013 | D:4      | Found a glowing silver altar of Zin.
  4352 | D:4      | Reached ** piety under Ashenzari
  4353 | D:4      | Found a staircase to the Ecumenical Temple.
  4358 | D:4      | Noticed Grinder
  4361 | D:4      | Paralysed by Grinder for 6 turns
  4380 | D:4      | Paralysed by Grinder for 6 turns
  4388 | D:4      | Paralysed by Grinder for 4 turns
  4396 | D:4      | Killed Grinder
  4490 | D:4      | Noticed Pikel
  4512 | D:4      | Killed Pikel
  4513 | D:4      | Reached skill level 5 in Fighting
  4513 | D:4      | Reached skill level 5 in Armour
  4513 | D:4      | Reached XP level 8. HP: 53/53 MP: 8/8
  4722 | D:5      | Entered Level 5 of the Dungeon
  5524 | D:6      | Found Hux Rie's Assorted Antiques.
  5535 | D:6      | Bought a scroll of teleportation for 84 gold pieces
  5602 | D:6      | Reached XP level 9. HP: 57/57 MP: 9/9
  6956 | D:7      | Reached *** piety under Ashenzari
  7088 | D:7      | Found a sacrificial altar of Ru.
  7104 | D:7      | Reached XP level 10. HP: 55/68 MP: 10/10
  7584 | D:7      | Found a radiant altar of Vehumet.
  7584 | D:7      | Found a snail-covered altar of Cheibriados.
  8178 | D:8      | Reached **** piety under Ashenzari
  8415 | D:6      | Bought a pitted helmet for 266 gold pieces
  8415 | D:6      | Identified the +2 helmet of Ucaoc {rC++ Will+ Str-4 Int+4}
                  | (You bought it in a shop on level 6 of the Dungeon)
  8546 | D:8      | Reached skill level 10 in Maces & Flails
  8559 | D:8      | Found a staircase to the Lair.
  8598 | D:8      | Identified the +1 leather armour of Grace {Int+2 Dex+2}
  8835 | D:8      | Identified the +7 hunting sling "Demonslayer" {venom, rElec
                  | rPois rF- Stlth+}
  9528 | D:9      | Found Mesia's Distillery.
  9533 | D:9      | Bought a potion of heal wounds for 60 gold pieces
  9713 | D:10     | Entered Level 10 of the Dungeon
  9861 | D:10     | Reached skill level 1 in Evocations
  9891 | D:10     | Reached XP level 11. HP: 78/78 MP: 12/12
  9996 | D:10     | Noticed Maggie
 10046 | D:10     | Killed Maggie
 10046 | D:10     | Identified the cursed +0 cloak of the Ensconced Anarchy
                  | {Self, Evo} (You found it on level 2 of the Dungeon)
 10046 | D:10     | Identified the cursed +0 pair of boots of Ashenzari's Black
                  | Moon {Self, Comp} (You found it on level 5 of the Dungeon)
 10046 | D:10     | Identified the cursed +0 buckler of the Perceptive Doubts
                  | {Evo, Alch}
 10046 | D:10     | Identified the cursed ring "Prescient Lifelessness" {EV+4,
                  | Elem, Self} (You found it on level 3 of the Dungeon)
 10046 | D:10     | Identified the cursed ring of the Stellar Chagrin {rF+,
                  | Elem, Cun} (You found it on level 7 of the Dungeon)
 10100 | D:10     | Noticed a two-headed ogre
 10247 | D:10     | Killed a two-headed ogre
 10379 | D:11     | Found Ethan's Overcharged Wands.
 10382 | D:11     | Noticed a cyclops
 10399 | D:11     | Killed a cyclops
 10703 | D:11     | Noticed a skeletal warrior
 10709 | D:11     | Noticed a skeletal warrior
 10709 | D:11     | Noticed a skeletal warrior
 10718 | D:11     | Noticed a skeletal warrior
 10718 | D:11     | Noticed a skeletal warrior
 10733 | D:11     | Killed a skeletal warrior
 10734 | D:11     | Killed a skeletal warrior
 10734 | D:11     | Killed a skeletal warrior
 10738 | D:11     | Killed a skeletal warrior
 10773 | D:11     | Killed a skeletal warrior
 10873 | D:11     | Noticed a two-headed ogre
 10880 | D:11     | Noticed a two-headed ogre
 10884 | D:11     | Killed a two-headed ogre
 10885 | D:11     | Reached skill level 10 in Shields
 10928 | D:11     | Killed a two-headed ogre
 10929 | D:11     | Reached XP level 12. HP: 26/88 MP: 13/13
 11029 | D:11     | Reached skill level 10 in Armour
 11099 | D:11     | Reached skill level 10 in Fighting
 11109 | D:11     | Noticed a two-headed ogre
 11128 | D:11     | Killed a two-headed ogre
 11265 | D:11     | Noticed a two-headed ogre
 11274 | D:11     | Killed a two-headed ogre
 11326 | D:11     | Found a staircase to the Orcish Mines.
 11949 | D:12     | Noticed an eight-headed hydra
 11953 | D:12     | Killed an eight-headed hydra
 11954 | D:12     | Reached skill level 5 in Evocations
 12109 | D:12     | Noticed an eight-headed hydra
 12124 | D:12     | Killed an eight-headed hydra
 12125 | D:12     | Reached ***** piety under Ashenzari
 12793 | D:13     | Noticed a boulder beetle
 12808 | D:13     | Killed a boulder beetle
 13043 | D:13     | Noticed a six-headed hydra
 13055 | D:13     | Killed a six-headed hydra
 13224 | D:13     | Reached XP level 13. HP: 81/97 MP: 14/14
 13572 | D:14     | Noticed Azrael
 13583 | D:14     | Killed Azrael
 13626 | D:14     | Noticed Kirke
 13748 | D:14     | Killed Kirke
 14144 | D:14     | Noticed a vault guard
 14299 | Lair:1   | Entered Level 1 of the Lair of Beasts
 14299 | Lair:1   | Identified the +0 ring mail "Teownyza" {Will+}
 14392 | Lair:1   | Found a dark tunnel.
 14509 | Volcano  | Entered a volcano
 14729 | Volcano  | Found a burning altar of Makhleb.
 15116 | Lair:1   | Identified the +2 robe of the Villain {rElec rF+ Dex+4}
 15551 | Lair:2   | Gained mutation: Your large and strong wings let you fly.
                  | [Gargoyle growth]
 15551 | Lair:2   | Reached XP level 14. HP: 93/100 MP: 15/15
 16527 | Lair:3   | Found a hole to the Spider Nest.
 17047 | Lair:3   | Found a staircase to the Swamp.
 18826 | Lair:5   | Found a staircase to the Slime Pits.
 18831 | Lair:5   | Found a viscous altar of Jiyva.
 19481 | Lair:6   | Entered Level 6 of the Lair of Beasts
 19553 | Lair:6   | Reached XP level 15. HP: 97/112 MP: 16/16
 19917 | Lair:6   | Reached skill level 1 in Dodging
 20281 | Lair:6   | Found a one-way gate to the infinite horrors of the Abyss.
 20436 | Lair:6   | Found a corrupted altar of Lugonu.
 20928 | Orc:1    | Entered Level 1 of the Orcish Mines
 20952 | Orc:1    | Found Xitixtil's Assorted Antiques.
 20960 | Orc:1    | Bought a scroll of blinking for 247 gold pieces
 20960 | Orc:1    | Bought a potion of haste for 330 gold pieces
 20960 | Orc:1    | Bought a scroll of enchant armour for 247 gold pieces
 21006 | Orc:1    | Found Vubiv's General Store.
 21112 | Orc:1    | Found Olugaty's Antique Armour Emporium.
 21148 | Orc:1    | Found Ecriex's Magic Scroll Shoppe.
 21156 | Orc:1    | Bought a scroll of teleportation for 45 gold pieces
 21156 | Orc:1    | Bought a scroll of teleportation for 45 gold pieces
 21156 | Orc:1    | Bought a scroll of teleportation for 45 gold pieces
 21156 | Orc:1    | Bought a scroll of teleportation for 45 gold pieces
 21230 | Orc:2    | Entered Level 2 of the Orcish Mines
 21291 | Orc:2    | Noticed Josephine
 21373 | Orc:2    | Killed Josephine
 21881 | Orc:2    | Found Etheg's Jewellery Shoppe.
 21881 | Orc:2    | Found Olotux's Distillery.
 21883 | Orc:2    | Found Osotiva's Assorted Antiques.
 21885 | Orc:2    | Found Nir Zeti's Weapon Emporium.
 22241 | Orc:2    | Found a staircase to the Elven Halls.
 22460 | Orc:1    | Found Dupeoru's Weapon Boutique.
 22850 | D:14     | Reached skill level 10 in Evocations
 22881 | D:14     | Reached XP level 16. HP: 98/120 MP: 17/17
 22921 | D:14     | Found a gate to the Vaults.
 23056 | D:15     | Entered Level 15 of the Dungeon
 23446 | D:15     | Found a basalt altar of Yredelemnul.
 23446 | D:15     | Found a shimmering altar of Xom.
 23447 | D:15     | Found a bloodstained altar of Trog.
 23690 | D:15     | Noticed a sphinx
 23693 | D:15     | Paralysed by a sphinx for 3 turns
 23696 | D:15     | Slain by a sphinx

Illustrated notes

Levels and vault maps discovered:
D:1:      dpeg_arrival_tiny_a, layout_basic, dilly_ecumenical_altar_fadedgnrine,
          serial_shops, shop
D:2:      layout_basic
D:3:      layout_basic, kennysheep_generic_room_5
D:4:      layout_loops_ring, mainiacjoe_overflow_24_doors,
          minmay_temple_entry_enclosed_plants, minmay_misc_feat_doors,
          grunt_decor_junction, chequers_serial_rivers_room_a, uniq_grinder,
          uniq_pikel
D:5:      layout_basic
D:6:      layout_basic, serial_shops, shop
D:7:      layout_cave_pools, jmf_multi_god_temple, nicolae_ru_awakened_eye,
          serial_gnoll_camp, gnoll_camp_medium_02, gnoll_camp_huts_moat,
          gnoll_camp_mini_basic, gnoll_camp_mini_loothouse, minmay_three_doors
D:8:      layout_loops_corners, david_lair_shrubbed
D:9:      layout_basic, serial_shops, kennysheep_mini_moat
D:10:     layout_basic, uniq_maggie
D:11:     layout_loops_corners, zombieorc1_lemuel,
          nicolae_shop_overcharged_wands
D:12:     layout_layer_cave
D:13:     layout_roguey, serial_curves, eino_curves_04, eino_curves_03
D:14:     layout_irregular_city, grunt_vaults_entry_fortified, uniq_kirke,
          uniq_azrael
D:15:     hangedman_slaughterboxes, serial_shops
Lair:1:   layout_misc_corridors, enter_volcano_1
Lair:2:   layout_cellular_growth, serial_bayou_shore_b
Lair:3:   layout_cave_pods, swamp_mist, nicolae_spider_entry_tight_spaces,
          cheibrodos_lair_reptile_den
Lair:4:   layout_regular_city
Lair:5:   layout_cave_pods, slime_altar_1, eino_house_with_fridge
Lair:6:   hellmonk_lair_end_abyssal_woods, layout_loops_ring,
          lemuel_fruit_fields
Orc:1:    layout_caves, serial_shops, shop, nicolae_shop_waterfront,
          shop_scrolls, shop, nicolae_diamond_shop
Orc:2:    st_orc_rangers, layout_diamond_mine, nicolae_orc_lava_tube,
          uniq_josephine

Skill      XL: |  1  2  3  4  5  6  7  8  9 10 11 12 13 14 15 16 |
---------------+-------------------------------------------------+-----
Shields        | 4 5 6 7 8 10 11 12 13 14 | 14.4
Maces & Flails | 3 4 5 6 7 9 10 11 12 13 | 13.9
Fighting       | 4 5 6 7 8 9 11 12 13 14 | 14.7
Armour         | 4 5 6 7 8 9 11 12 13 14 | 14.8
Evocations     | 1 4 6 7 8 10 | 10.6
Dodging        | 3 4 |  4.8

Action                   |  1- 3 |  4- 6 |  7- 9 | 10-12 | 13-15 | 16-18 || total
-------------------------+-------+-------+-------+-------+-------+-------++-------
Melee: Flail             |   100 |    43 |       |       |       |       ||   143
       Morningstar       |       |   146 |   372 |   825 |  1889 |   311 ||  3543
       Unarmed           |       |       |       |    18 |       |       ||    18
Throw: Dart              |    37 |     5 |    39 |    45 |    12 |       ||   138
       Stone             |     2 |    14 |       |       |       |       ||    16
Invok: Curse Item        |     1 |     1 |     3 |     4 |     3 |       ||    12
       Shatter the Chain |       |       |       |     1 |     2 |       ||     3
Evoke: Wand              |       |       |     3 |     5 |       |       ||     8
       Tin of tremorston |       |       |       |     3 |     7 |     2 ||    12
       Lightning rod     |       |       |       |       |     6 |     5 ||    11
  Use: Potion            |       |     1 |       |     3 |     2 |       ||     6
       Scroll            |       |     1 |       |       |       |       ||     1
Armor: Scale mail        |    43 |   110 |       |       |       |       ||   153
       Chain mail        |       |       |   180 |   469 |   959 |   148 ||  1756
Dodge: Dodged            |    38 |   149 |   230 |   438 |   830 |   121 ||  1806
Block: Buckler           |    25 |    59 |    89 |   284 |   177 |       ||   634
       Kite shield       |       |       |       |       |   847 |   138 ||   985

Table legend: (Time is in decaauts)
 A = Elapsed time spent in this place.
 B = Non-inter-level travel time spent in this place.
 C = Inter-level travel time spent in this place.
 D = Time resting spent in this place.
 E = Time spent auto-exploring this place.
 F = Levels seen in this place.
 G = Mean time per level.
                   A        B        C        D        E       F      G
               +--------+--------+--------+--------+--------+-----+--------+
         Total |  23047 |  21754 |   1293 |   2600 |  12143 |  24 |  960.3 |
       Dungeon |  15314 |  14337 |    977 |   2144 |   7838 |  15 | 1020.9 |
          Lair |   5800 |   5599 |    201 |    437 |   3313 |   6 |  966.7 |
  Orcish Mines |   1558 |   1444 |    114 |      2 |    903 |   2 |  779.0 |
       Volcano |    374 |    374 |      0 |     16 |     89 |   1 |  374.0 |
               +--------+--------+--------+--------+--------+-----+--------+

Top non-repeatable levels by time:
     D:7: 1444 daAuts
    D:11: 1421 daAuts
     D:1: 1359 daAuts
     D:6: 1304 daAuts
     D:4: 1226 daAuts
  Lair:3: 1195 daAuts
  Lair:6: 1140 daAuts
     D:3: 1134 daAuts
   Orc:2: 1134 daAuts
     D:2: 1093 daAuts
    D:12: 988 daAuts
     D:8: 972 daAuts
  Lair:2: 953 daAuts
  Lair:5: 951 daAuts
    D:14: 941 daAuts
